 Dungeon Crawl Stone Soup version 0.28-b1-25-g9875b3fc8c (webtiles) character file.

Game seed: 17238571933824383208

28 MisterFreud the Cudgeller (level 2, 0/29 HPs)
             Began as a Troll Berserker on Jan 31, 2022.
             Was a Follower of Trog.
             Slain by a goblin (4 damage)
             ... led by Robin
             ... on level 2 of the Dungeon.
             The game lasted 00:01:02 (693 turns).

MisterFreud the Cudgeller (Troll Berserker)          Turns: 693, Time: 00:01:03

Health: 0/29       AC:  4    Str: 24    XL:     2   Next: 96%
Magic:  0/1        EV: 10    Int:  3    God:    Trog [*.....]
Gold:   44         SH:  0    Dex:  9    Spells: 1/1 levels left

rFire   + . .      SeeInvis .   a - +0 mace
rCold   . . .      Faith    .   (no shield)
rNeg    . . .      Spirit   +   b - +0 animal skin
rPois   .          Reflect  .   (helmet restricted)
rElec   .          Harm     .   (no cloak)
rCorr   .          Rampage  .   (gloves unavailable)
Will    .....                   (boots unavailable)
Stlth   +.........              e - amulet of guardian spirit
HPRegen 0.89/turn               c - ring of protection from fire
MPRegen 0.07/turn               (no ring)

@: no status effects
A: large, unfitting armour, claws 3, regeneration 1, shaggy fur 1, tough skin 1
a: Renounce Religion, Berserk


You were on level 2 of the Dungeon.
You worshipped Trog.
Trog was aware of your devotion.
You visited 1 branch of the dungeon, and saw 2 of its levels.

You collected 44 gold pieces.

Inventory:

Hand Weapons
 a - a +0 mace (weapon)
Missiles
 d - 3 curare-tipped darts (quivered)
 h - 6 javelins
Armour
 b - a +0 animal skin (worn)
Jewellery
 c - a ring of protection from fire (left claw)
 e - an amulet of guardian spirit (around neck)
Scrolls
 g - a scroll of vulnerability {unknown}
 j - a scroll of blinking {unknown}
 k - a scroll of magic mapping {unknown}
Potions
 f - a potion of mutation {unknown}
 i - 2 potions of heal wounds {unknown}


   Skills:
 - Level 2.4 Fighting
 + Level 3.8 Maces & Flails
 - Level 2.4 Dodging


You had one spell level left.
You didn't know any spells.
Your spell library was empty.

Dungeon Overview and Level Annotations

Branches:
Dungeon (2/15)

Altars:
The Shining One

Annotations:
D:2 Jessica, Robin


Innate Abilities, Weirdness & Mutations

You are too large for most types of armour.
You have claws for hands.
Your natural rate of healing is unusually fast.
You are covered in fur. (AC +1)
You have tough skin. (AC +1)


Message History

A goblin comes into view. It is wielding a +0 dagger.
Jessica casts a spell.
Jessica blinks!
The goblin hits you but does no damage. The goblin hits you with a +0 club.
Robin of the Strong Arm comes into view.
They are wielding a +1 vorpal trident.
The goblin misses you.
You barely miss Jessica.
Jessica is heavily wounded.
Jessica hits you with a +0 club. The goblin hits you but does no damage.
You hit Jessica but do no damage.
Jessica is heavily wounded.
Jessica hits you with a +0 club. The goblin closely misses you.
You hit Jessica but do no damage.
Jessica is heavily wounded.
Jessica hits you with a +0 club. The goblin hits you with a +0 club.
You hit the goblin but do no damage.
Jessica mumbles some strange words.
Jessica blinks!
The goblin barely misses you. x2
Unknown command.
Unknown command.
You hit the goblin.
The goblin is almost dead.
The goblin misses you. The hobgoblin hits you.
The goblin hits you with a +0 club. The goblin hits you but does no damage.
Robin roars a battlecry!
The goblins go into a battle-frenzy!
The goblin completely misses you. The hobgoblin hits you.
You thump the goblin!
You kill the goblin!
Trog accepts your kill. The goblin hits you with a +0 club.
* * * LOW HITPOINT WARNING * * *
The teleport trap disappears.
Jessica disappears!
The goblin barely misses you. The hobgoblin hits you.
* * * LOW HITPOINT WARNING * * *
Unknown command.
You hit the goblin.
The goblin is heavily wounded.
The goblin hits you with a +0 club.
You die...

. #### . #############
#......###
............####.###...#.
#.g.........##......
...####g#gg.<...........##
_...[.ggg@g..............#
..g...#g##ยง..#(...........
...###..######.........###
#. #... #.........# # #...
##..###...### #...# #..#
##..... #..## #..# #.##.#
.#.# #..# #.##.# #..#
#.##.#


You could see Robin, 4 hobgoblins and 5 goblins.

Vanquished Creatures
  4 ball pythons
  3 endoplasms (D:1)
  A giant cockroach (D:1)
  2 hobgoblins
  4 jackals (D:1)
  4 bats (D:1)
  3 frilled lizards (D:1)
  2 goblins
  A kobold (D:1)
  A rat (D:1)
25 creatures vanquished.

Notes
Turn   | Place    | Note
-------+----------+-------------------------------------------
     0 | D:1      | MisterFreud the Troll Berserker began the quest for the
                  | Orb.
     0 | D:1      | Reached XP level 1. HP: 22/22 MP: 0/0
    84 | D:1      | Reached skill level 3 in Maces & Flails
   141 | D:1      | Reached XP level 2. HP: 29/29 MP: 1/1
   678 | D:2      | Noticed Jessica
   679 | D:2      | Found a glowing golden altar of the Shining One.
   685 | D:2      | Noticed Robin
   693 | D:2      | Slain by a goblin

Illustrated notes

Levels and vault maps discovered:
D:1:      minmay_arrival_hallway, layout_basic, minmay_pentomino_z4
D:2:      layout_loops_ring, basic_altar, minmay_stone_trees_medium,
          corexii_leaking_fountain, uniq_robin, uniq_jessica, uniq_natasha

Skill      XL: |  1 |
---------------+----+-----
Maces & Flails | 3 |  3.8
Fighting       | |  2.4
Dodging        | |  2.4

Action                   || total
-------------------------++-------
Melee: Mace              ||    81
Invok: Berserk           ||     1
Armor: Animal skin       ||    40
Dodge: Dodged            ||    52
